 Dungeon Crawl Stone Soup version 0.28.0-47-ge53b351184 (webtiles) character file.

Game seed: 10920443048375178529

9078 CryoSword the Slayer (level 11, -3/153 HPs)
             Began as an Ogre Berserker on Apr 27, 2022.
             Was an Elder of Trog.
             Slain by an orc warrior
             ... wielding a +0 dire flail
              (12 damage)
             ... on level 11 of the Dungeon.
             The game lasted 00:13:19 (11142 turns).

CryoSword the Slayer (Ogre Berserker)              Turns: 11142, Time: 00:13:19

Health: -3/153     AC:  8    Str: 23    XL:     11   Next: 40%
Magic:  11/11      EV: 10    Int:  8    God:    Trog [****..]
Gold:   477        SH:  5    Dex: 18    Spells: 10/10 levels left

rFire   . . .      SeeInvis .   H - +1 halberd (vamp)
rCold   + . .      Faith    .   (shield currently unavailable)
rNeg    . . .      Spirit   .   D - +0 acid dragon scales
rPois   .          Reflect  +   (helmet restricted)
rElec   .          Harm     .   f - +0 cloak
rCorr   +          Rampage  .   (gloves unavailable)
Will    +....                   (boots unavailable)
Stlth   +.........              w - amulet of reflection
HPRegen 0.35/turn               d - +6 ring of dexterity
MPRegen 0.12/turn               m - ring of protection from cold

@: on berserk cooldown, hasted and slowed
A: large, unfitting armour, tough skin 1
a: Renounce Religion, Berserk, Trog's Hand, Brothers in Arms


You were on level 11 of the Dungeon.
You worshipped Trog.
Trog was greatly pleased with you.
You visited 1 branch of the dungeon, and saw 11 of its levels.
You also visited: Ossuary.

You collected 594 gold pieces.
You spent 117 gold pieces at shops.

Inventory:

Hand Weapons
 F - a +0 scimitar of flaming
   (You took it off Erica on level 8 of the Dungeon)
 H - a +1 vampiric halberd (weapon)
   (You took it off a gnoll on level 9 of the Dungeon)
 I - a +0 giant spiked club
   (You took it off a two-headed ogre on level 10 of the Dungeon)
 J - a +1 dire flail of holy wrath
   (You took it off an orc warrior on level 10 of the Dungeon)
 L - the +4 trident "Mivupe Meim" {flame, rPois}
   (You found it on level 11 of the Dungeon)

   It burns those it strikes, dealing additional fire damage.
   rPois:     It protects you from poison.
Missiles
 y - 14 poisoned darts (quivered)
 A - a curare-tipped dart
 B - a throwing net
Armour
 f - a +0 cloak (worn)
   (You took it off Crazy Yiuf on level 2 of the Dungeon)
 D - +0 acid dragon scales (worn)
   (You found it on level 7 of the Dungeon)
Jewellery
 d - a +6 ring of dexterity (left hand)
   (You found it on level 1 of the Dungeon)
 m - a ring of protection from cold (right hand)
   (You found it on level 3 of the Dungeon)
 w - an amulet of reflection (around neck)
   (You found it on level 6 of the Dungeon)
Wands
 b - a wand of acid (8)
   (You found it on level 7 of the Dungeon)
 x - a wand of iceblast (16)
   (You found it on level 6 of the Dungeon)
Scrolls
 c - 2 scrolls of enchant armour {unknown}
 g - a scroll of noise {unknown}
 h - 3 scrolls of fear {unknown}
 k - 3 scrolls of teleportation {unknown}
 o - 3 scrolls of vulnerability {unknown}
 p - 4 scrolls of immolation {unknown}
 q - a scroll of brand weapon {unknown}
 v - 3 scrolls of magic mapping
 C - 5 scrolls of identify {@r1}
 E - a scroll of torment {unknown}
 G - a scroll of amnesia {unknown}
 K - a scroll of fog {unknown}
Potions
 a - 2 potions of flight {unknown}
 e - 8 potions of curing {@q1}
 i - 2 potions of invisibility {unknown}
 j - a potion of brilliance {unknown}
 l - a potion of magic {unknown}
 n - 3 potions of haste {@q3}
 r - a potion of attraction {unknown}
 s - a potion of might {unknown}
 u - 2 potions of heal wounds {unknown}
 z - 2 potions of mutation {unknown}


   Skills:
 + Level 21.8 Fighting
 - Level 2.6 Maces & Flails
 - Level 2.6 Dodging


You had 10 spell levels left.
You didn't know any spells.
Your spell library was empty.

Dungeon Overview and Level Annotations

Branches:
Dungeon (11/15)            Temple (0/1) D:6            Lair (0/6) D:11
Ossuary (visited)
    Orc: D:9-12

Altars:
Dithmenos
Elyvilon
Gozag
Kikubaaqudgha
Makhleb
Okawaru
Qazlal
Sif Muna
Zin

Shops:
D:9 *

Annotations:
D:5 1 runed translucent door, 101zpm's ghost, amateur DjIE
D:8 exclusions: 4 lindwurms and 3 more exclusions


Innate Abilities, Weirdness & Mutations

You are too large for most types of armour.
You have tough skin. (AC +1)


Message History

An orc comes into view. It is wielding a +0 mace.
The kobold brigand throws a poisoned dart.
The poisoned dart hits you!
You are poisoned.
A gnoll sergeant comes into view. It is wielding a +0 spear.
You reach to attack!
You closely miss the kobold brigand.
You feel very sick.
The gnoll sergeant shouts!
You hear a shout! x3
The kobold brigand hits you with a +0 short sword.
You barely miss the kobold brigand.
You feel very sick.
An orc warrior comes into view. It is wielding a +0 long sword.
You hit the kobold brigand.
You feel sick.
The kobold brigand hits you with a +0 short sword.
The kobold brigand misses you.
You closely miss the kobold brigand.
You feel sick. The kobold brigand barely misses you.
You block the orc's attack.
The gnoll sergeant hits you but does no damage.
You hit the kobold brigand but do no damage.
You feel sick. You block the kobold brigand's attack.
The orc closely misses you.
The gnoll sergeant hits you from afar with a +0 spear.
The kobold brigand hits you with a +0 short sword!
The orc hits you with a +0 mace.
A red film seems to cover your vision as you go berserk!
You feel yourself moving faster!
You feel mighty!
You feel sick.
You are no longer poisoned.
You block the gnoll sergeant's attack.
The kobold brigand hits you but does no damage.
A gnoll sergeant comes into view. It is wielding a +0 trident.
The orc hits you but does no damage.
You hit the kobold brigand.
You feel better.
The gnoll sergeant hits you from afar with a +0 spear.
The kobold brigand barely misses you.
You slice the kobold brigand!!
You feel better.
You kill the kobold brigand!
Trog accepts your kill. The gnoll sergeant barely misses you.
An orc comes into view. It is wielding a +0 dagger.
The orc shouts!
You impale the orc warrior!!
You hear a shout! x3
The orc warrior hits you with a +0 long sword!
The gnoll sergeant hits you from afar with a +0 spear!
The orc misses you.
You hit the orc warrior.
You kill the orc warrior!
Trog accepts your kill. You block the gnoll sergeant's attack.
You slice the orc!!
You feel better.
You kill the orc!
Trog accepts your kill.
The gnoll sergeant hits you but does no damage.
Reach: H) +1 halberd (vamp)
Aim: a gnoll sergeant, wielding a +0 spear, wearing a +0 ring mail and wearing a +0 buckler (about 27% to evade your +1 vampiric halberd)
You reach to attack!
You slice the gnoll sergeant!!
You feel better.
You kill the gnoll sergeant!
Trog accepts your kill.
Reach: H) +1 halberd (vamp)
Aim: a gnoll sergeant, wielding a +0 trident and wearing a +0 ring mail (about 27% to evade your +1 vampiric halberd)
You reach to attack!
You slice the gnoll sergeant!!
You feel better.
You kill the gnoll sergeant!
Trog accepts your kill.
You hear a shout! x2
Reach: H) +1 halberd (vamp)
Aim: an orc, wielding a +0 dagger and wearing a +0 leather armour (about 33% to evade your +1 vampiric halberd)
You reach to attack!
You closely miss the orc.
You hear a shout!
An orc warrior comes into view. It is wielding a +0 dire flail.
Reach: H) +1 halberd (vamp)
Aim: an orc, wielding a +0 dagger and wearing a +0 leather armour (about 33% to evade your +1 vampiric halberd)
You hit the orc. The orc closely misses you.
Reach: H) +1 halberd (vamp)
Aim: an orc, wielding a +0 dagger and wearing a +0 leather armour (heavily wounded, about 33% to evade your +1 vampiric halberd)
You slice the orc!!
You feel better.
You kill the orc!
Trog accepts your kill.
A gnoll sergeant comes into view. It is wielding a +4 vorpal trident.
Items here: )) [[ ††.
You feel a strong urge to attack something.
You are no longer berserk.
You are exhausted.
You feel yourself slow down.
Things that are here:
a +0 spear; a +0 ring mail; a +0 buckler Reach: H) +1 halberd (vamp)
Aim: an orc warrior, wielding a +0 dire flail and wearing a +3 plate armour (about 33% to evade your +1 vampiric halberd)
You reach to attack!
You hit the orc warrior but do no damage.
A centaur comes into view. It is wielding a +0 rapier.
The orc warrior hits you with a +0 dire flail!
A gnoll sergeant comes into view. It is wielding a +0 spear.
The centaur moves out of view.
Reach: H) +1 halberd (vamp)
Aim: an orc warrior, wielding a +0 dire flail and wearing a +3 plate armour (about 33% to evade your +1 vampiric halberd)
You closely miss the orc warrior. You block the gnoll sergeant's attack.
The orc warrior hits you with a +0 dire flail!
The gnoll sergeant hits you from afar with a +4 vorpal trident.
The orc warrior misses you.
Reach: H) +1 halberd (vamp)
Aim: an orc warrior, wielding a +0 dire flail and wearing a +3 plate armour (about 33% to evade your +1 vampiric halberd)
You closely miss the orc warrior.
The gnoll sergeant shouts!
You hear a shout! x6
The gnoll sergeant hits you from afar with a +4 vorpal trident!
* * * LOW HITPOINT WARNING * * *
x2 The orc warrior hits you with a +0 dire flail!
* * * LOW HITPOINT WARNING * * *
You block the gnoll sergeant's attack. The orc warrior barely misses you.
The gnoll sergeant hits you from afar with a +4 vorpal trident.
* * * LOW HITPOINT WARNING * * *
x2 The orc warrior closely misses you.
The gnoll sergeant hits you from afar with a +0 spear.
* * * LOW HITPOINT WARNING * * *
The orc warrior hits you with a +0 dire flail!
* * * LOW HITPOINT WARNING * * *
An orc warrior comes into view. It is wielding a +0 trident.
Items here: )) [[ ††.
You fail to use your ability.
You block the gnoll sergeant's attack. You block the orc warrior's attack.
The gnoll sergeant closely misses you.
The gnoll sergeant hits you from afar with a +4 vorpal trident.
* * * LOW HITPOINT WARNING * * *
x2
As you read the scroll of summoning, it crumbles to dust.
Wisps of shadow whirl around you...
The centaur shouts!
You hear a shout!
The orc warrior closely misses you.
The gnoll sergeant hits you from afar with a +0 spear!
* * * LOW HITPOINT WARNING * * *
The gnoll sergeant hits you from afar with a +4 vorpal trident!
* * * LOW HITPOINT WARNING * * *
x2 You block the gnoll sergeant's attack.
The orc warrior hits you with a +0 dire flail!
* * * LOW HITPOINT WARNING * * *
A centaur comes into view.
You feel yourself speed up.
A centaur comes into view.
Your centaur closely misses the orc warrior. x2
Your centaur barely misses the orc warrior.
Your centaur kicks the orc warrior but does no damage.
Your centaur wields a +0 shortbow.
Your centaur shoots an arrow.
The arrow barely misses the orc warrior.
The gnoll sergeant barely misses you.
Your centaur hits the orc warrior but does no damage.
Your centaur kicks the orc warrior.
Your centaur hits the orc warrior but does no damage.
Your centaur kicks the orc warrior but does no damage.
You block the gnoll sergeant's attack.
The orc warrior hits you with a +0 dire flail!
You die...

#[......##.#... #..
#.##........... #..
#.##.##.####.#. #...
#.##..#.# ##.#
###...######.###.#.# #####
.......<.....###.#.# #....
###....cccc........###....
#...ogo)ccc.##......†...
#...cgc@B...##..####....
#.cc#####c)###..# #....
#..........###..## #####
#.....###...##...#
#................###### #.
...###...###.......# .
##.## #..####.# #.#
#....##.## ..# #.##.....#


You could see 2 orc warriors, 2 gnoll sergeants, 3 centaurs, a friendly boulder
beetle (summoned) and 9 friendly centaurs.

Vanquished Creatures
  Harold (D:7)
  2 two-headed ogres (D:10)
  Erica (D:8)
  Psyche (D:8)
  A troll (D:11)
  A shadow (D:10)
  A wyvern (D:9)
  8 yaks (D:10)
  Grum (D:10)
  A steam dragon (D:7)
  An acid dragon (D:7)
  A water moccasin (D:9)
  A sky beast (D:6)
  2 orc warriors
  A black bear (D:5)
  An ice beast (D:7)
  3 necrophages
  3 centaurs (D:11)
  4 wolves (D:10)
  2 phantoms (D:7)
  2 kobold brigands
  4 gnoll sergeants
  3 bullfrogs
  4 scorpions
  9 water moccasin zombies
  A water moccasin skeleton (D:6)
  4 howler monkeys
  5 centaur zombies
  2 centaur skeletons (D:5)
  3 iguanas
  An iron imp (D:8)
  5 orc priests
  Crazy Yiuf (D:2)
  Jessica (D:2)
  2 scorpion zombies (D:4)
  5 orc wizards
  3 killer bee zombies
  3 hound skeletons
  2 mummies (Ossuary)
  14 gnolls
  2 adders
  2 white imps (D:5)
  An ufetubus (D:6)
  5 adder zombies
  An adder skeleton (D:4)
  3 worms
  A dart slug (D:1)
  23 orcs
  3 bats
  4 endoplasms
  11 giant cockroaches
  4 gnoll zombies (Ossuary)
  6 goblins
  7 hobgoblins
  2 jackals (D:4)
  A quokka (D:5)
  4 ball pythons
  5 hobgoblin zombies (Ossuary)
  7 kobolds
  4 kobold zombies (Ossuary)
  5 orc zombies (Ossuary)
  A quokka skeleton (D:4)
  2 rats (D:2)
215 creatures vanquished.

Vanquished Creatures (others)
  An orc wizard (D:8)
  A withered plant (D:4)
2 creatures vanquished.

Grand Total: 217 creatures vanquished

Notes
Turn   | Place    | Note
-------+----------+-------------------------------------------
     0 | D:1      | CryoSword the Ogre Berserker began the quest for the Orb.
     0 | D:1      | Reached XP level 1. HP: 24/24 MP: 1/1
   207 | D:1      | Reached XP level 2. HP: 33/33 MP: 2/2
   338 | D:1      | You fall into a shaft and drop 1 floor!
   500 | D:2      | Found a runed translucent door.
   501 | D:2      | Noticed Crazy Yiuf
   529 | D:2      | Reached skill level 5 in Fighting
   531 | D:2      | Reached XP level 3. HP: 20/44 MP: 3/3
   855 | D:2      | Killed Crazy Yiuf
   856 | D:2      | Reached skill level 6 in Fighting
   856 | D:2      | Reached XP level 4. HP: 18/53 MP: 4/4
  1179 | D:2      | Noticed Jessica
  1188 | D:2      | Killed Jessica
  1189 | D:2      | Reached skill level 7 in Fighting
  1622 | D:2      | Reached XP level 5. HP: 62/62 MP: 5/5
  1798 | D:3      | Found a shadowy altar of Dithmenos.
  1960 | D:3      | Identified the +0 scale mail of Ykor {rCorr Dex-5 Slay+3}
  2002 | D:3      | Reached ** piety under Trog
  2147 | D:3      | Reached skill level 8 in Fighting
  2571 | D:4      | Reached XP level 6. HP: 67/74 MP: 6/6
  2644 | D:4      | Reached skill level 9 in Fighting
  2702 | D:4      | Found a sand-covered staircase.
  2709 | Ossuary  | Entered an ossuary
  2760 | Ossuary  | Reached skill level 10 in Fighting
  2760 | Ossuary  | Reached XP level 7. HP: 79/85 MP: 7/7
  2937 | Ossuary  | Reached *** piety under Trog
  2994 | Ossuary  | Reached skill level 11 in Fighting
  3464 | D:4      | Reached skill level 12 in Fighting
  3464 | D:4      | Reached XP level 8. HP: 89/98 MP: 8/8
  3810 | D:5      | Entered Level 5 of the Dungeon
  3974 | D:5      | Reached skill level 13 in Fighting
  4267 | D:5      | Found a runed translucent door.
  4269 | D:5      | Noticed 101zpm's ghost (amateur DjIE)
  4473 | D:5      | Reached skill level 14 in Fighting
  4684 | D:5      | Found a shimmering blue altar of Sif Muna.
  5072 | D:6      | Reached **** piety under Trog
  5073 | D:6      | Reached XP level 9. HP: 93/114 MP: 9/9
  5422 | D:6      | Reached skill level 15 in Fighting
  5764 | D:6      | Found a staircase to the Ecumenical Temple.
  5779 | D:5      | Found an iron altar of Okawaru.
  6192 | D:7      | Reached skill level 16 in Fighting
  6195 | D:7      | Noticed Harold
  6209 | D:7      | Killed Harold
  6210 | D:7      | Reached skill level 17 in Fighting
  6524 | D:7      | Reached XP level 10. HP: 72/132 MP: 10/10
  6777 | D:7      | Reached skill level 18 in Fighting
  7276 | D:8      | Noticed Psyche
  7281 | D:8      | Killed Psyche
  7373 | D:8      | Noticed Erica
  7393 | D:8      | Killed Erica
  7439 | D:8      | Reached skill level 19 in Fighting
  7707 | D:8      | Found a burning altar of Makhleb.
  7737 | D:8      | Noticed a lindwurm
  7816 | D:8      | Noticed a lindwurm
  7817 | D:8      | Noticed a lindwurm
  8295 | D:8      | Noticed a lindwurm
  8380 | D:9      | Found Xoowiru's Mayhem Merchandise.
  8385 | D:9      | Bought a wand of iceblast (5) for 117 gold pieces
  8518 | D:9      | Identified the +5 hand axe "Murmur" {protect, rC- rCorr
                  | Str+2}
  8544 | D:9      | Found a stormy altar of Qazlal.
  9251 | D:9      | Found an ancient bone altar of Kikubaaqudgha.
  9257 | D:9      | Found a glowing silver altar of Zin.
  9258 | D:9      | Found an opulent altar of Gozag.
  9258 | D:9      | Found a white marble altar of Elyvilon.
  9596 | D:10     | Entered Level 10 of the Dungeon
  9692 | D:10     | Reached skill level 20 in Fighting
  9873 | D:10     | Noticed a two-headed ogre
  9892 | D:10     | Killed a two-headed ogre
  9893 | D:10     | Reached XP level 11. HP: 126/149 MP: 11/11
 10128 | D:10     | Noticed Grum
 10134 | D:10     | Reached skill level 21 in Fighting
 10143 | D:10     | Killed Grum
 10493 | D:10     | Identified the +2 robe "Gisolepu" {rPois Str-4 Int+2}
 10543 | D:10     | Noticed a two-headed ogre
 10571 | D:10     | Killed a two-headed ogre
 10901 | D:11     | Found a staircase to the Lair.
 10939 | D:11     | Identified the +4 trident "Mivupe Meim" {flame, rPois}
 11142 | D:11     | Slain by an orc warrior

Illustrated notes

Levels and vault maps discovered:
D:1:      lightli_arrival_lavapool, layout_basic,
          shapermc_ecumenical_altar_mp_vishouse, minmay_cupped
D:2:      layout_loops_ring, minmay_pentomino_q2, uniq_jessica,
          uniq_crazy_yiuf_cottage
D:3:      minmay_roachtagon, layout_basic,
          nicolae_dithmenos_through_a_glass_darkly, kennysheep_generic_room_5
D:4:      layout_basic, chequers_ossuary_entry_cave, serial_undead,
          serial_undead_c, serial_undead_b, serial_undead_b, serial_undead_a,
          chequers_serial_rivers_room_b, chequers_mini_garden,
          kennysheep_doodads, minmay_misc_feat_chi, minmay_misc_feat_pillars,
          solitary_fountain
D:5:      nicolae_cairo_tiling_large_dashed, layout_rooms,
          nicolae_overflow_hidden_temple, ebering_ghost_sewer_d
D:6:      layout_basic, minmay_temple_entry_gardened_gates, minivault_23
D:7:      layout_loops_cross, chequers_serial_rivers_room_a, grunt_ministairs_7,
          hangedman_decor_clover_reticule, uniq_harold
D:8:      layout_basic, makhleb_grotto_becter, minmay_lindwurm_lava,
          uniq_psyche, uniq_erica
D:9:      layout_cave_pods, minitemple, mainiacjoe_overflow_cross_hatched,
          minmay_shop_mayhem
D:10:     layout_gridville, uniq_grum
D:11:     layout_loops_cross, kennysheep_orc_monster_closet_entryway,
          okawaru_humans

Skill      XL: |  1  2  3  4  5  6  7  8  9 10 11 |
---------------+----------------------------------+-----
Fighting       | 5 6 7 8 10 12 14 17 20 21 | 21.8
Maces & Flails | |  2.6
Dodging        | |  2.6

Action                   |  1- 3 |  4- 6 |  7- 9 | 10-12 || total
-------------------------+-------+-------+-------+-------++-------
Melee: Mace              |    43 |       |       |       ||    43
       Quarterstaff      |       |   108 |   287 |    82 ||   477
       Halberd           |       |       |       |   117 ||   117
Invok: Berserk           |     2 |     1 |     3 |     6 ||    12
       Trog's Hand       |       |       |     1 |     2 ||     3
  Use: Scroll            |       |       |     4 |     2 ||     6
       Potion            |       |       |       |     1 ||     1
 Stab: Sleeping          |       |     1 |     3 |     1 ||     5
       Petrifying        |       |       |     1 |       ||     1
Armor: Animal skin       |    12 |    39 |    81 |     2 ||   134
       Acid dragon scale |       |       |       |    62 ||    62
Dodge: Dodged            |    27 |    54 |   150 |   104 ||   335
Block: Other             |       |       |    32 |    64 ||    96
       Reflection        |       |       |       |     1 ||     1
